Map: Terraformation EC (Void)

Players

KiritoSun

  • Race: Terran Terran
  • League: Master

zuka - Winner!

  • Race: Protoss Protoss
  • League: Diamond

VOD

Have the link to the VOD?

Description

Time

  • Played on: Aug. 12, 2015, 3:05 a.m.
  • Length: 9:02
Show
View Real Time Build Order
Export as new Build Order

KiritoSun Terran 

Build Orders: MMM Bio 

Get SALT Encoding   

  12  0:00  SCV  
  13  0:12  SCV  
  14  0:17  Supply Depot  
  14  0:25  SCV  
  15  0:39  SCV  
  15  0:42  Barracks  
  16  0:51  SCV  
  17  1:03  SCV  
  18  1:15  SCV  
  19  1:29  Marine, Orbital Command  
  20  1:33  Command Center  
  20  1:44  Supply Depot  
  20  1:47  Marine  
  21  1:55  SCV  
  21  2:00  Bunker  
  22  2:04  Marine  
  22  2:08  SCV  
  24  2:17  Barracks  
  24  2:20  SCV, Barracks  
  24  2:22  Marine  
  26  2:32  SCV  
  27  2:41  Barracks  
  27  2:42  Barracks  
  27  2:43  Marine  
  28  2:46  SCV  
  28  2:48  Orbital Command  
  29  2:58  SCV  
  30  3:08  Marine x2  
  30  3:09  Orbital Command, Marine  
  33  3:13  SCV  
  33  3:16  Supply Depot  
  34  3:25  SCV  
  34  3:26  Marine x3  
  38  3:29  Marine x2  
  40  3:36  SCV  
  40  3:40  SCV  
  40  3:41  Refinery x2  
  42  3:43  Marine x2  
  42  3:46  Marine x2  
  42  3:48  SCV  
  47  3:53  SCV  
  48  3:58  Marine  
  48  4:01  SCV, Marine  
  51  4:05  SCV  
  51  4:09  Marine x3  
  55  4:10  Supply Depot  
  55  4:13  SCV  
  55  4:15  Refinery  
  55  4:16  Marine  
  57  4:17  SCV  
  57  4:22  Marine  
  59  4:25  Supply Depot x2, SCV  
  59  4:26  Supply Depot, Marine  
  59  4:28  Marine  
  62  4:31  SCV  
  62  4:37  SCV  
  64  4:43  SCV  
  65  4:46  Barracks Reactor  
  65  4:47  Barracks Reactor, Barracks Tech Lab x3  
  65  4:49  SCV  
  66  4:55  SCV, Engineering Bay  
  67  5:01  SCV  
  68  5:07  Stimpack  
  68  5:08  SCV  
  68  5:09  Factory  
  68  5:13  SCV  
  70  5:20  SCV, Combat Shields  
  71  5:26  SCV  
  71  5:28  Missile Turret  
  72  5:31  Marauder  
  72  5:32  SCV, Marauder x2  
  72  5:33  Marine x4  
  78  5:49  Missile Turret  
  75  5:51  Marine  
  75  5:52  SCV  
  77  6:14  SCV x2  
  79  6:30  SCV  
  80  6:37  SCV  
  86  6:52  Supply Depot x2  
  86  6:53  Supply Depot  
  81  6:54  Supply Depot  
  81  6:58  Factory Reactor, Starport  
  81  7:03  Marauder  
  81  7:05  Command Center  
  83  7:14  Marauder x2, Marine x3  
  83  7:15  SCV x2  
  76  7:34  Marine x2  
  76  7:35  Marauder, Marine x2  
  76  7:36  Marine x2  
  67  7:44  SCV x2, Medivac  
  68  7:45  Medivac  
  73  7:52  Marine  
  73  7:54  Marauder  
  73  7:56  SCV, Factory Reactor, Marine x3  
  73  7:57  Marauder  
  82  8:01  SCV  
  83  8:08  SCV  
  83  8:09  Marauder  
  83  8:10  Marine  
  87  8:13  SCV  
  87  8:19  Marine  
  87  8:20  Marauder, Marine x3  
  87  8:21  Medivac x2  
  75  8:42  Marine x3  
Show
View Real Time Build Order
Export as new Build Order

zuka Protoss - Winner!

Build Orders: Dark Templar Rush 

Get SALT Encoding   

  12  0:08  Pylon  
  12  0:14  Probe  
  13  0:27  Gateway  
  13  0:30  Probe (Chrono Boost)  
  14  0:41  Probe (Chrono Boost)  
  14  0:42  Assimilator  
  15  0:47  Probe  
  16  0:56  Gateway  
  16  1:00  Probe  
  17  1:12  Probe  
  17  1:15  Cybernetics Core  
  18  1:24  Probe  
  19  1:29  Pylon  
  19  1:37  Probe  
  20  1:49  Probe  
  20  1:52  Adept x2 (Chrono Boost)  
  25  2:01  Probe  
  26  2:12  Warp Gate (Chrono Boost)  
  26  2:13  Probe  
  27  2:26  Nexus  
  27  2:30  Mothership Core (Chrono Boost)  
  27  2:33  Assimilator  
  29  2:39  Pylon  
  29  2:44  Probe (Chrono Boost)  
  30  2:57  Probe  
  31  3:07  Twilight Council  
  31  3:09  Probe  
  32  3:21  Probe (Chrono Boost)  
  33  3:33  Probe (Chrono Boost), Robotics Facility  
  36  3:41  Probe x2 (Chrono Boost)  
  36  3:52  Probe (Chrono Boost), Dark Shrine  
  36  3:55  Probe (Chrono Boost), Gateway  
  38  3:58  Probe (Chrono Boost)  
  38  4:02  Pylon  
  39  4:03  Probe  
  39  4:09  Probe  
  41  4:10  Assimilator  
  41  4:12  Assimilator  
  41  4:15  Probe  
  42  4:20  Warp Prism (Chrono Boost)  
  42  4:21  Probe  
  42  4:24  Pylon  
  45  4:27  Probe  
  46  4:34  Probe, Forge  
  47  4:39  Probe  
  48  4:46  Probe  
  48  4:47  Charge (Chrono Boost)  
  48  4:51  Probe  
  50  4:56  Zealot  
  50  4:58  Probe  
  50  4:59  Observer (Chrono Boost)  
  58  5:17  Immortal (Chrono Boost)  
  58  5:23  Dark Templar x2  
  58  5:27  Dark Templar  
  64  5:45  Probe  
  64  5:48  Probe  
  66  5:56  Pylon  
  66  6:00  Immortal (Chrono Boost)  
  68  6:04  Protoss Ground Weapons Level 1 (Chrono Boost)  
  68  6:09  Templar Archives  
  68  6:11  Gateway  
  68  6:13  Dark Templar  
  68  6:17  Gateway  
  68  6:19  Gateway  
  68  6:30  Probe, Psionic Storm  
  65  6:33  Pylon  
  65  6:36  Gateway, Immortal (Chrono Boost)  
  65  6:38  Gateway  
  69  6:40  Zealot x2  
  69  6:43  Pylon  
  73  6:51  Gateway  
  73  6:53  High Templar  
  75  7:02  Zealot x2  
  75  7:08  Warp Prism (Chrono Boost)  
  79  7:13  Pylon  
  79  7:18  Dark Templar  
  75  7:26  Zealot x5  
  64  7:46  High Templar  
  64  7:47  High Templar  
  64  7:48  Zealot x2, High Templar  
  64  7:49  Zealot  
  76  7:57  Pylon  
  76  8:01  Zealot, Pylon  
  78  8:08  Zealot x2  
  82  8:16  Zealot x3  
  82  8:19  Zealot  
  88  8:20  Zealot  
  88  8:28  Zealot  
  88  8:29  Zealot x2  
  75  8:42  Archon  
  75  8:43  Zealot x3  
  75  8:44  Zealot x2  
  79  8:54  Zealot  
  79  8:55  Zealot x2  
Tags
 
Add a new tag
Caveats
  • Supply blocks, unpowered buildings, or Contaminate may cause inaccurate times.
  • Supply counts are checked every 10 seconds.